AoeStats
← ELBO | Dseko

Arabia

509759027Analyzed
3v3 RM · 3d ago on Sep 27, 2026· 85m 30s· 6 players
Game mode
Random Map
Map size
Normal (6 player)
Population
200
Speed
Normal
Resources
Standard
Victory
Conquest
Starting age
Dark Age
Ending age
Imperial Age
RankedLock teamsTeams togetherTeam positionsShared explorationLock speedFull tech treeHidden civsTurbo modeCheats
Victory
Defeat
🇵🇪 Mongols · Peru
1415
+10
🇵🇪 Khmer · Peru
1396
+10
🇵🇪 Varangians · Peru
1237
+17
🇦🇷 Khitans · Argentina
1342
-15
🇦🇷 Vietnamese · Argentina
1334
-15
🇦🇷 Franks · Argentina
1113
-7
ELBO | Fantozzi
7:14 Loom
9:51 Feudal Age
10:44 Double-Bit Axe
13:16 Horse Collar
15:50 Forging
21:32 Castle Age
20:12 Scale Barding Armor
20:30 Gold Mining
21:06 Bloodlines
21:51 Light Cavalry
22:52 Chain Barding Armor
23:42 Gold Shaft Mining
27:44 Bow Saw
32:45 Iron Casting
32:19 Stone Mining
34:21 Wheelbarrow
34:07 Pikeman
35:50 Hand Cart
39:34 Imperial Age
37:31 Scale Mail Armor
38:48 Stone Shaft Mining
39:05 Chain Mail Armor
39:38 Husbandry
39:49 Town Watch
40:39 Conscription
40:16 Halberdier
41:49 Fletching
44:11 Blast Furnace
43:43 Ballistics
44:23 Chemistry
45:15 Plate Barding Armor
45:17 Hussar
47:56 Bodkin Arrow
51:45 Cavalier
54:00 Elite Battle Elephant
56:14 Bracer
56:23 Elite Skirmisher
58:15 Heavy Plow
60:43 Padded Archer Armor
62:26 Leather Archer Armor
71:47 Ring Archer Armor
Bro-Bro-Bro
6:03 Loom
8:57 Feudal Age
9:34 Double-Bit Axe
13:20 Horse Collar
16:53 Gold Mining
18:36 Bloodlines
21:34 Castle Age
20:13 Forging
23:27 Iron Casting
24:40 Scale Barding Armor
29:31 Wheelbarrow
29:46 Heavy Plow
32:00 Husbandry
31:55 Town Watch
35:37 Imperial Age
35:31 Bow Saw
36:33 Stone Mining
37:44 Padded Archer Armor
38:45 Blast Furnace
37:46 Scale Mail Armor
37:47 Elite Jarl
39:24 Ballistics
40:35 Leather Archer Armor
40:40 Chain Barding Armor
41:38 Hand Cart
42:48 Chemistry
41:49 Light Cavalry
44:00 Conscription
44:21 Stone Shaft Mining
44:17 Hussar
44:25 Vendel Legacy
45:33 Murder Holes
45:43 Siege Engineers
47:55 Town Patrol
51:25 Plate Barding Armor
50:41 Fletching
51:23 Ring Archer Armor
51:08 Chain Mail Armor
55:16 Bodkin Arrow
55:51 Plate Mail Armor
55:31 Pikeman
55:56 Gambesons
56:11 Squires
55:34 Elite Varangian Guard
56:15 Treadmill Crane
57:08 Arson
57:08 Man-at-Arms
59:06 Two-Man Saw
60:43 Halberdier
63:59 Bracer
ELBO | Dseko
5:35 Loom
8:00 Feudal Age
9:09 Double-Bit Axe
13:15 Horse Collar
16:35 Forging
19:53 Bloodlines
20:09 Scale Barding Armor
26:53 Castle Age
25:34 Stone Mining
25:35 Gold Mining
29:45 Fletching
29:55 Padded Archer Armor
31:19 Bodkin Arrow
31:39 Leather Archer Armor
35:45 Ballistics
41:15 Imperial Age
39:22 Wheelbarrow
42:13 Iron Casting
41:58 Chain Barding Armor
42:11 Light Cavalry
42:51 Husbandry
44:46 Hussar
51:21 Conscription
56:18 Squires
56:03 Arson
56:15 Pikeman
58:27 Scale Mail Armor
60:10 Blast Furnace
59:26 Chain Mail Armor
84:56 Hand Cart
84:15 Capped Ram
Mono
6:33 Loom
10:10 Feudal Age
10:59 Double-Bit Axe
15:26 Fletching
21:46 Castle Age
20:18 Padded Archer Armor
20:12 Gold Mining
20:22 Horse Collar
22:28 Bodkin Arrow
23:11 Bow Saw
23:38 Wheelbarrow
26:21 Hand Cart
26:48 Crossbowman
28:42 Leather Archer Armor
29:15 Heavy Plow
32:24 Town Watch
37:35 Imperial Age
35:29 Ballistics
36:32 Thumb Ring
35:47 Elite Skirmisher
36:22 Stone Mining
36:25 Treadmill Crane
36:56 Masonry
38:16 Bracer
39:18 Chemistry
39:10 Stone Shaft Mining
39:29 Paper Money
38:46 Imperial Skirmisher
38:46 Arbalester
41:50 Two-Man Saw
40:43 Capped Ram
43:06 Ring Archer Armor
43:04 Town Patrol
44:22 Chatras
46:32 Crop Rotation
50:25 Scale Barding Armor
50:40 Elite Battle Elephant
51:20 Husbandry
51:31 Bloodlines
50:41 Light Cavalry
51:59 Chain Barding Armor
51:51 Forging
52:13 Siege Engineers
54:56 Plate Barding Armor
54:57 Iron Casting
Cola De Mono
11:03 Feudal Age
10:37 Loom
11:33 Double-Bit Axe
22:07 Castle Age
21:09 Scale Barding Armor
23:22 Bow Saw
29:51 Wheelbarrow
36:22 Imperial Age
34:07 Forging
34:19 Chain Barding Armor
34:00 Scale Mail Armor
33:52 Fletching
34:17 Fletching
34:33 Husbandry
36:23 Cavalier
37:12 Gold Mining
40:30 Paladin
45:08 Hand Cart
48:56 Gold Shaft Mining
52:27 Plate Barding Armor
51:20 Pikeman
55:24 Town Watch
58:12 Squires
59:16 Halberdier
73:12 Light Cavalry
74:43 Elite Skirmisher
76:16 Ballistics
77:15 Imperial Skirmisher
85:16 Iron Casting
Palomo Usuriaga
7:11 Loom
9:12 Feudal Age
10:07 Double-Bit Axe
11:39 Domestication
18:47 Forging
20:34 Wheelbarrow
22:05 Castle Age
20:16 Scale Barding Armor
20:16 Gold Mining
23:05 Wheelbarrow
22:48 Husbandry
23:09 Chain Barding Armor
23:25 Iron Casting
24:40 Wheelbarrow
31:59 Bow Saw
32:00 Pastoralism
39:54 Imperial Age
39:08 Stone Mining
39:35 Hand Cart
39:07 Town Watch
39:57 Fletching
41:16 Plate Barding Armor
40:39 Bodkin Arrow
40:05 Light Cavalry
40:46 Hussar
42:58 Stone Shaft Mining
44:30 Padded Archer Armor
44:20 Elite Skirmisher
45:04 Elite Fire Lancer
45:06 Imperial Skirmisher
46:03 Bracer
46:32 Conscription
47:08 Ballistics
49:56 Chemistry
48:37 Treadmill Crane
49:30 Thumb Ring
50:13 Leather Archer Armor
51:54 Squires
51:39 Gambesons
51:40 Arson
53:51 Two-Man Saw
53:08 Scale Mail Armor
53:39 Ring Archer Armor
55:01 Chain Mail Armor
59:16 Plate Mail Armor
61:12 Capped Ram
65:31 Siege Engineers
65:37 Masonry
68:00 Transhumance
68:59 Siege Ram
Connection lost

Rejoining the realm…

Still unreachable

The connection could not be restored.

Session expired

The server has moved on; the page needs a fresh start.